 Dungeon Crawl Stone Soup version 0.14-a0-2162-g062a2ce (webtiles) character file.

149 ReteAZ the Digger (level 4, -4/24 HPs)
             Began as a Gargoyle Earth Elementalist on Jan 28, 2014.
             Killed from afar by Jessica (5 damage)
             ... with a wand of flame
             ... on Level 3 of the Dungeon.
             The game lasted 00:09:33 (1950 turns).

ReteAZ the Digger (Gargoyle Earth Elementalist)     Turns: 1950, Time: 00:09:34

HP  -4/24        AC  5     Str 12      XL: 4   Next: 22%
MP   2/7         EV 11     Int 16      God:
Gold 79          SH  7     Dex 10      Spells:  3 memorised,  1 level left

rFire  . . .     SeeInvis .     b - 4 stones
rCold  . . .     Clarity  .     c - +0 robe
rNeg   + . .     Conserve .     t - +0 buckler
rPois  +         rCorr    .     (no helmet)
rElec  +         rRot     +     (no cloak)
SustAb . .       Spirit   .     (no gloves)
rMut   .         Warding  .     (no boots)
Saprov . . .     Stasis   .     (no amulet)
MR     .....                    (no ring)
                                (no ring)

@: not resistant to hostile enchantments, fairly stealthy
A: life protection 1, electricity resistance, unbreathing, petrification
resistance, AC +3
a: no special abilities


You were on level 3 of the Dungeon.
You were hungry.

You visited 1 branch of the dungeon, and saw 3 of its levels.

You collected 79 gold pieces.

Inventory:

Missiles
 b - 4 stones (in hand)
Armour
 c - a +0 robe (worn)
 l - a +0 orcish shield
 t - a +0 buckler (worn)
Comestibles
 a - 2 bread rations
 n - a meat ration
 v - a lychee
Scrolls
 e - 5 scrolls of remove curse {unknown}
 f - 2 scrolls of enchant weapon II {unknown}
 g - 2 scrolls of curse jewellery {unknown}
 i - a scroll of teleportation {unknown}
 j - 2 scrolls of random uselessness {unknown}
 m - 2 scrolls of identify {unknown}
 q - a scroll of enchant armour {unknown}
 s - a scroll of noise {unknown}
 w - a scroll of curse weapon {unknown}
Jewellery
 x - a +3 ring of intelligence {unknown}
Potions
 h - a potion of porridge
 k - 3 potions of curing {unknown}
 o - 2 potions of might {unknown}
 p - a potion of beneficial mutation {unknown}
 r - a potion of heal wounds {unknown}
Books
 d - a book of Geomancy

   Spells                             Type                      Level
   *Sandblast                         Earth                        1
   *Stoneskin                         Transmutation/Earth          2
   Passwall                           Transmutation/Earth          3
   *Stone Arrow                       Conjuration/Earth            3
   Petrify                            Transmutation/Earth          4
   Lee's Rapid Deconstruction         Earth                        5


   Skills:
 - Level 1.7 Dodging
 - Level 2.2 Stealth
 + Level 0.9 Shields
 - Level 2.1 Spellcasting
 - Level 0.7 Transmutations
 * Level 5.5 Earth Magic


You had one spell level left.
You knew the following spells:

 Your Spells              Type           Power        Failure   Level  Hunger
a - Sandblast             Erth           ###...       1%          1    #......
b - Stoneskin             Trmt/Erth      ##........   10%         2    ###....
c - Stone Arrow           Conj/Erth      ##....       21%         3    ####...


Dungeon Overview and Level Annotations

Branches:
Dungeon (3/16)

Altars:
Zin

Annotations:
D:3 Jessica; Kae's ghost, average TeFE


Innate Abilities, Weirdness & Mutations

You are resistant to torment.
You are immune to poison.
Your stone body is very resilient (AC +3).
You resist negative energy.
You are resistant to electric shocks.
You can survive without breathing.
You are immune to petrification.


Message History

The rocky blast misses Jessica.
Jessica zaps a wand.
The puff of flame hits you!
Casting: Sandblast
Confirm with . or Enter, or press ? or * to list all spells.
Aiming: Sandblast
Press: ? - help, Shift-Dir - straight line, f/p - Jessica
Aim: Jessica, wielding an orcish club, wearing a robe and carrying a wand of flame {zapped: 4} (moving very quickly)
The rocky blast misses Jessica.
Jessica gestures wildly while chanting.
Jessica blinks!
Jessica zaps a wand.
The puff of flame hits you!
* * * LOW HITPOINT WARNING * * *
Casting: Sandblast
Confirm with . or Enter, or press ? or * to list all spells.
Aiming: Sandblast
Press: ? - help, Shift-Dir - straight line, f/p - Jessica
Aim: Jessica, wielding an orcish club, wearing a robe and carrying a wand of flame {zapped: 5} (moving very quickly)
The rocky blast hits Jessica.
Jessica is severely wounded.
Jessica zaps a wand.
The puff of flame hits you!
You die...

####...#...#.
......#...#..
............. #
#...#...#...#
#.###...#........
.##...@..<........#
.....................
..######..##.%....[..
........@.##....#..#.
..........).....#
####....###%...#
#..(.# #....# #....#
#....# .......
ยง........
##...####........
#... #.#...... .
........


You could see Jessica.

Vanquished Creatures
  2 adders (D:2)
  A worm (D:2)
  2 giant geckos (D:1)
  5 giant cockroaches
  4 goblins (D:2)
  10 hobgoblins
  3 jackals (D:2)
  4 kobolds
  A ball python (D:2)
  5 bats
  A giant newt (D:2)
  3 rats (D:1)
41 creatures vanquished.

Notes
Turn   | Place    | Note
--------------------------------------------------------------
     0 | D:1      | ReteAZ, the Gargoyle Earth Elementalist, began the quest for the Orb.
     0 | D:1      | Reached XP level 1. HP: 10/10 MP: 3/3
   320 | D:1      | Reached XP level 2. HP: 10/15 MP: 1/4
   337 | D:1      | Reached skill level 4 in Earth Magic
   379 | D:1      | Learned a level 2 spell: Stoneskin
   817 | D:2      | Reached XP level 3. HP: 17/19 MP: 1/6
   866 | D:2      | Reached skill level 5 in Earth Magic
  1390 | D:2      | Found a glowing silver altar of Zin.
  1478 | D:2      | Reached XP level 4. HP: 10/24 MP: 0/7
  1725 | D:2      | Learned a level 3 spell: Stone Arrow
  1740 | D:3      | Noticed Kae's ghost (average TeFE)
  1781 | D:3      | Noticed Jessica
  1949 | D:3      | HP: 1/24 [Jessica/wand of flame (10)]
  1950 | D:3      | Killed from afar by Jessica

Action                   |  1- 3 |  4- 6 || total
-------------------------+-------+-------++-------
Melee: Unarmed           |    73 |     1 ||    74
 Cast: Sandblast         |    75 |    17 ||    92
